 Dungeon Crawl Stone Soup version 0.30-b1-2-g02819fbbbe (webtiles) character file.

Game seed: 3809235479167271290

402 snakesoul the Digger (level 6, -1/32 HPs)
             Began as a Gargoyle Earth Elementalist on June 12, 2023.
             Slain by an orc
             ... wielding a +0 short sword
              (3 damage)
             ... on level 5 of the Dungeon.
             The game lasted 00:11:54 (5297 turns).

snakesoul the Digger (Gargoyle Earth Elementalist)  Turns: 5297, Time: 00:11:55

Health: -1/32      AC:  8    Str: 12    XL:     6   Next: 85%
Magic:  2/11       EV: 11    Int: 17    God:
Gold:   174        SH:  0    Dex: 10    Spells: 2/12 levels left

rFire   . . .        i - +4 demon whip "Beyzarie" {elec, rC+ rN+ SInv}
rCold   + + .        (no shield)
rNeg    + + .        a - +0 robe
rPois   ∞            (no helmet)
rElec   +            f - +0 cloak
rCorr   +            (no gloves)
SInv    +            g - +0 pair of boots
Will    +....        (no amulet)
Stlth   ++           u - ring of willpower
HPRegen 0.25/turn    v - ring "Naqoemn" {rC+ rCorr}
MPRegen 0.12/turn

%: no passive effects
@: flying, very slightly contaminated
A: sickness immunity, AC +4, negative energy resistance 1, electricity
resistance, torment resistance 1, petrification resistance
a: no special abilities


You were on level 5 of the Dungeon.
You visited 1 branch of the dungeon, and saw 6 of its levels.

You collected 279 gold pieces.
You spent 105 gold pieces at shops.

Inventory:

Hand Weapons
 i - the +4 demon whip "Beyzarie" (weapon) {elec, rC+ rN+ SInv}
   (You found it on level 2 of the Dungeon)

   rC:        It protects you from cold.
   rN:        It protects you from negative energy.
   SInv:      It lets you see invisible.
 s - the +5 mace of the Shouting Gods {freeze, +Blink rCorr Dex-4 Stlth+}
   (You found it on level 3 of the Dungeon)

   Dex:       It affects your dexterity (-4).
   +Blink:    It lets you blink.
   rCorr:     It protects you from acid and corrosion.
   Stlth:     It makes you more stealthy.
Armour
 a - a +0 robe (worn)
 f - a +0 cloak (worn)
 g - a +0 pair of boots (worn)
Jewellery
 u - a ring of willpower (left hand)
 v - the ring "Naqoemn" (right hand) {rC+ rCorr}
   (You found it on level 4 of the Dungeon)

   [ring of protection from cold]

   rC:        It protects you from cold.
   rCorr:     It protects you from acid and corrosion.
 x - a +6 ring of dexterity
Scrolls
 h - 2 scrolls of fog
 k - a scroll of vulnerability
 p - 3 scrolls of identify
 q - 2 scrolls of teleportation
 r - a scroll of poison {unknown}
 w - a scroll of silence {unknown}
Potions
 b - 4 potions of magic
 c - a potion of curing
 e - a potion of flight
 j - a potion of mutation {unknown}
 l - a potion of attraction {unknown}
 m - a potion of lignification {unknown}
 n - a potion of resistance {unknown}
 o - a potion of degeneration {unknown}
 t - a potion of brilliance {unknown}


   Skills:
 - Level 1.5 Dodging
 - Level 2.1 Stealth
 + Level 3.6 Spellcasting
 + Level 3.3 Conjurations
 + Level 2.2 Transmutations
 + Level 6.0 Earth Magic


You had 2 spell levels left.
You knew the following spells:

 Your Spells              Type           Power      Damage    Failure   Level
a - Sandblast             Erth           46%        2d11      1%          1
b - Stone Arrow           Conj/Erth      38%        3d9       7%          3
c - Petrify               Tmut/Erth      17%        N/A       30%         4
d - Blink                 Tloc           6%         N/A       26%         2

Your spell library contained the following spells:

 Spells                   Type           Power      Damage    Failure   Level
 Passwall                 Tmut/Erth      14%        N/A       4%          2
 Momentum Strike          Conj/Tloc      16%        3d8       12%         2
 Lesser Beckoning         Tloc           6%         N/A       26%         2
 Summon Forest            Summ/Tloc      1%         N/A       99%         5
 Summon Mana Viper        Hex/Summ       3%         N/A       99%         5
 Summon Cactus Giant      Summ           1%         N/A       100%        6


Dungeon Overview and Level Annotations

Branches:
Dungeon (6/15)
 Temple: D:4-7

Altars:
Dithmenos
Gozag
Nemelex Xobeh
Wu Jian
Xom

Shops:
D:3 *

Annotations:
D:5 Edmund, Grinder, Prince Ribbit


Innate Abilities, Weirdness & Mutations

You are immune to sickness and miasma.
Your stone body is resilient. (AC +4)
You are immune to poison.
You resist negative energy. (rN+)
You are resistant to electric shocks. (rElec)
You are resistant to unholy torment.
You are immune to petrification.


Message History

Your body is wracked with pain!
Prince Ribbit convulses!
The orc priest convulses!
The orc convulses!
The adder convulses!
The adder hisses angrily.
Prince Ribbit barely misses you.
Casting: Sandblast (safe; 1% risk of failure)
Confirm with . or Enter, or press ? or * to list all spells.
The spell is quite dangerous to miscast (7% risk of failure)!
Continue anyway?
Aiming: Stone Arrow (quite dangerous; 7% risk of failure)
Press: ? - help, Shift-Dir - straight line, f/p - Prince Ribbit
Aim: Prince Ribbit (heavily wounded, 45% to hit)
You miscast Stone Arrow.
You are very lightly contaminated with residual magic.
Nothing appears to happen.
Prince Ribbit lets out a mournful croak.
Prince Ribbit hits you but does no damage.
Prince Ribbit barely misses you.
Casting: Stone Arrow (quite dangerous; 7% risk of failure)
Confirm with . or Enter, or press ? or * to list all spells.
The spell is quite dangerous to miscast (7% risk of failure)!
Continue anyway?
Aiming: Stone Arrow (quite dangerous; 7% risk of failure)
Press: ? - help, Shift-Dir - straight line, f/p - Prince Ribbit
Aim: Prince Ribbit (heavily wounded, 45% to hit)
The stone arrow misses Prince Ribbit.
The stone arrow misses the adder.
Prince Ribbit hits you!
* * * LOW HITPOINT WARNING * * *
The orc priest closely misses you. The orc hits you but does no damage.
Unknown command.
You feel better. Prince Ribbit hits you!
* * * LOW HITPOINT WARNING * * *
The orc priest looks braver for a moment.
The orc barely misses you.
It was a potion of flight.
You feel very buoyant.
You fly up into the air.
Prince Ribbit hits you.
* * * LOW HITPOINT WARNING * * *
The adder barely misses you. Prince Ribbit hits you.
* * * LOW HITPOINT WARNING * * *
The orc priest hits you but does no damage.
The orc hits you with a +0 short sword.
You die...

........###.###.#.# ##.
........# #.# #...# #..
........# #.###..## #.#
........# #.##...# #.#
........# #.##..#####.#
........###.#...#..'o.#
................#)###.#
<>).............#o..#)#
))..............@o###.#
...............SF##
#..# ......#..........#
##...
.#..##............ #.##
#.5......)#####...# _#
#....?..#...# ..... ##
#.......###.........
........). ....##....
###..#.....##..


You could see Prince Ribbit, an orc priest, an adder and an orc.

Vanquished Creatures
  A jelly (D:5)
  A hound (D:3)
  4 orc priests
  A gnoll bouda (D:4)
  An iguana (D:4)
  4 gnolls
  4 adders
  3 worms
  4 dart slugs
  13 orcs
  7 bats
  An endoplasm (D:4)
  5 goblins
  3 hobgoblins
  4 jackals (D:3)
  9 kobolds
  5 ball pythons
  3 frilled lizards
  8 rats
81 creatures vanquished.

Notes
Turn   | Place    | Note
-------+----------+-------------------------------------------
     0 | D:1      | snakesoul the Gargoyle Earth Elementalist began the quest
                  | for the Orb.
     0 | D:1      | Reached XP level 1. HP: 10/10 MP: 3/3
   169 | D:1      | Reached skill level 4 in Earth Magic
   240 | D:1      | Reached XP level 2. HP: 9/15 MP: 1/5
   768 | D:2      | Identified the +4 demon whip "Beyzarie" {elec, rC+ rN+
                  | SInv}
  1170 | D:2      | Reached XP level 3. HP: 19/19 MP: 4/6
  1632 | D:3      | Learned a level 3 spell: Stone Arrow
  1859 | D:3      | Reached skill level 1 in Conjurations
  1859 | D:3      | Reached skill level 5 in Earth Magic
  1859 | D:3      | Reached XP level 4. HP: 24/24 MP: 5/7
  1864 | D:3      | Learned a level 4 spell: Petrify
  2026 | D:3      | You fall into a shaft and drop 3 floors!
  2048 | D:6      | Noticed a kobold brigand
  2078 | D:6      | Noticed a black bear
  2082 | D:5      | Entered Level 5 of the Dungeon
  2082 | D:5      | Found a shadowy altar of Dithmenos.
  2082 | D:5      | Found an ornate altar of the Wu Jian Council.
  2083 | D:5      | Noticed Prince Ribbit
  2201 | D:3      | Reached skill level 1 in Transmutations
  2302 | D:3      | Found Fucwifi's General Store.
  2307 | D:3      | Bought a scroll of teleportation for 30 gold pieces
  2307 | D:3      | Bought a scroll of blinking for 75 gold pieces
  2337 | D:3      | Found an opulent altar of Gozag.
  2341 | D:3      | Identified the +5 mace of the Shouting Gods {freeze, +Blink
                  | rCorr Dex-4 Stlth+}
  2605 | D:3      | Found a faded altar of an unknown god.
  2620 | D:3      | Found a sparkling altar of Nemelex Xobeh.
  2639 | D:3      | Reached XP level 5. HP: 28/28 MP: 6/9
  3413 | D:4      | Found a shimmering altar of Xom.
  3457 | D:4      | Identified the ring "Naqoemn" {rC+ rCorr}
  4386 | D:5      | Noticed Edmund
  4390 | D:5      | Reached XP level 6. HP: 32/32 MP: 6/10
  5119 | D:5      | Learned a level 2 spell: Blink
  5213 | D:5      | Noticed Grinder
  5286 | D:5      | Reached skill level 6 in Earth Magic
  5297 | D:5      | Slain by an orc

Illustrated notes

Levels and vault maps discovered:
D:1:      amcnicky_arrival_choice, layout_basic
D:2:      layout_loops_ring
D:3:      layout_basic, nemelex_diamond_rough_becter,
          mainiacjoe_overflow_24_doors, serial_shops, shop,
          hellmonk_ecumenical_altar_prayer_group, minmay_vboxes
D:4:      layout_layer_cave, kennysheep_little_box, hangedman_decor_lopped
D:5:      layout_rooms, elyvilon_altar_1, chequers_temple_overflow_minitemple,
          minmay_temple_entry_hall, serial_shops, shop, uniq_sigmund,
          uniq_grinder, uniq_prince_ribbit1, uniq_edmund
D:6:      layout_layer_cave

Skill      XL: |  1  2  3  4  5  6 |
---------------+-------------------+-----
Earth Magic    | 4 5 6 |  6.0
Conjurations   | 1 2 3 |  3.3
Transmutations | 1 2 |  2.2
Spellcasting   | 3 |  3.6
Dodging        | |  1.5
Stealth        | |  2.1

Action                     |  1- 3 |  4- 6 || total
---------------------------+-------+-------++-------
  Melee: Club              |     2 |       ||     2
         Demon whip        |     1 |     3 ||     4
   Cast: Sandblast         |    54 |    90 ||   144
         Stone Arrow       |       |     5 ||     5
    Use: Scroll            |       |     8 ||     8
         Potion            |       |     3 ||     3
 Armour: Robe              |    13 |    35 ||    48
  Dodge: Dodged            |    24 |    54 ||    78
